Workbook
Name EQUIPO_LISTA: #REF!
Name ITEM: #REF!
Name MDO_LISTA: #REF!
Name TRANSPORTE_LISTA: #REF!

Sheet PROPUESTA ECONOMICA(Proponente)
C3: Formulario 1 - Propuesta económica - Documento tipo de selección abreviada de menor cuantía - versión 2
C4: Código | D4: CCE-EICP-FM-25 | E4: Versión | F4: 2
C6: FORMULARIO 1
C7: PROPUESTA ECONOMICA
C8: [La entidad puede utilizar este formulario de presentación de propuesta económica de forma detallada, sin perjuicio que la entidad pueda modificarlo o establecer la presentación de la oferta económica con un formulario distinto al indicado.] [Los proponentes emplearán el formulario establecido por la entidad para determinar su propuesta económica conforme al Formulario 1 - Presupuesto Oficial publicado por la Entidad]
C10: Cuando el proceso de contratación es estructurado por precios unitarios, la Entidad debe aplicar las notas 1, 2 y 3 del presente formato y las casillas de "Descripción", "Porcentaje" de la Administración, Imprevisto, Utilidad y total A.I.U. resaltadas en color amarillo.
C12: Nº | D12: ITEM DE PAGO | E12: ESPECIFICACIONES | G12: DESCRIPCION | H12: UND. | I12: CANTIDAD | J12: VALOR UNITARIO | K12: VALOR TOTAL
E13: GENERAL | F13: PARTICULAR
C16: Subtotal
C22: Subtotal
C32: Subtotal
C37: Subtotal
C40: Subtotal
C41: SUBTOTAL OBRAS
G46: SUBTOTAL OBRAS (INCLUYE IVA)
G50: VALOR TOTAL
C53: NOTA 1: Se debe tener en cuenta que el PRECIO UNITARIO incluye el valor de A.I.U. | H53: DESCRIPCION | K53: PORCENTAJE
C54: NOTA 2: Cuando la fracción decimal del peso sea igual o superior a 5 se aproximara por exceso al número entero siguiente del peso y cuando la fracción decimal del peso sea inferior a 5 se aproximará por defecto al número entero del peso. | H54: ADMINISTRACION | J54: A= | K54: [Ofrecimiento del Proponente]
C55: NOTA 3: El A.I.U y su discriminación deben estar en porcentaje (%). | H55: IMPREVISTO | J55: I= | K55: [Ofrecimiento del Proponente]
H56: UTILIDAD | J56: U= | K56: [Ofrecimiento del Proponente]
H57: TOTAL A.I.U | J57: A.I.U.= | K57: [Ofrecimiento del Proponente]
G60: Firma del Proponente o de su Representante Legal

Sheet INFORMACION
B3: INFORMACIÓN GENERAL
B4: OBJETO : | C4: “ MANTENIMIENTO Y REPARACIONES A LA INFRAESTRUCTURA DEL JARDIN INFANTIL DEL MUNICIPIO DE OTANCHE BOYACÁ 2026"
B5: CACULO:
B6: Vo.Bo. Secretaria de Planeación | C6: Vo.Bo. Secretario de Planeación e Infraestructura
B7: Vo.Bo. Supervisión | C7: Vo.Bo. Supervisión
B8: Contratista: | C8: N/A
B9: Interventor: | C9: N/A
B10: Fecha: | C10: 45833
B11: Ubiucacion: | C11: EDIFICIO ITELIGENTE Y BIBLIOTECA MUNICIPAL

Sheet PRESUPUESTO OFICIAL (Entidad)
B1: Formulario 1 - Propuesta económica - Documento tipo de mínima cuantía de obra pública de infraestructura social
B2: Versión: 1 de 21 de agosto de 2025
C5: FORMULARIO 1
C6: PRESUPUESTO OFICIAL
C7: [La Entidad puede utilizar este formulario de detalle del presupuesto oficial para determinar las condiciones bajo las cuales los Proponentes analizarán y presentarán su propuesta económica de forma detallada, sin perjuicio que la Entidad pueda modificarlo o establecer la presentación de la oferta económica con un formulario distinto al indicado.] [El presente Formulario aplica para los Procesos de Contratación que tengan como forma de pago precios unitarios. Tratándose de otras modalidades de pago, la Entidad debe ajustarlo cuando corresponde a: precio global, llave en mano, administración delegada, reembolso de gastos o cualquier otra forma de pago.]
C9: Adicionalmente, cuando el proceso de contratación es estructurado por precios unitarios, la Entidad debe aplicar las notas 1, 2 y 3 del presente formulario y las casillas de "Descripción", "Porcentaje" de la Administración, Imprevisto, Utilidad y total A.I.U. resaltadas en color amarillo. Tratándose de otras modalidades de precio, la Entidad puede o no configurar los mismos aspectos.
C11: Nº | D11: ÍTEM DE PAGO | E11: ESPECIFICACIONES | G11: DESCRIPCIÓN | H11: UND. | I11: CANTIDAD | J11: INCREMENTO X TRANSPORTE | K11: VALOR UNITARIO | L11: VALOR TOTAL
E12: GENERAL | F12: PARTICULAR
C13: 1. PRELIMINARES
C14: 1.1 | D14: 2.01.70 | E14: GOBERNACIÓN | G14: EXCAVACIÓN MANUAL EN MATERIAL COMÚN | H14: M3 | I14: =2*2*0.1 -> 0.4 | J14: 0 | K14: =70577.63*1.3 -> 91750.919 | L14: =+ROUND(K14*I14*(1+J14),0) -> 36700
C15: 1.2 | D15: 2.01.57 | E15: GOBERNACIÓN | G15: DESMONTE DE ESTRUCTURA METÁLICA PERFILES - VIGAS. | H15: KG | I15: 350 | J15: 0 | K15: =3020.26*1.3 -> 3926.338 | L15: =+ROUND(K15*I15*(1+J15),0) -> 1374218
C16: Subtotal | L16: =+ROUND(SUM(L14:L15),2) -> 1410918
C17: 2.PINTURA
C18: 2.1 | D18: 2.07.10 | E18: GOBERNACIÓN | G18: SUMINISTRO E INSTALACIÓN DE ESTUCO Y VINILO A TRES MANOS EN MUROS | H18: M2 | I18: 15 | J18: 0.12 | K18: =21641.87*1.3 -> 28134.431 | L18: =+ROUND(K18*I18*(1+J18),0) -> 472658
C19: 2.2 | D19: 2.07.14 | E19: GOBERNACIÓN | G19: SUMINISTRO E INSTALACIÓN DE VINILO TIPO I SOBRE PAÑETE O ESTUCO A TRES MANOS. | H19: M2 | I19: 240 | J19: 0.12 | K19: =11309.63*1.3 -> 14702.519 | L19: =+ROUND(K19*I19*(1+J19),0) -> 3952037
C20: Subtotal | L20: =+ROUND(SUM(L18:L19),2) -> 4424695
C21: 3. ESTRUCTURA
C22: 3.1 | D22: 2.05.19 | E22: GOBERNACIÓN | G22: PISO EN CERÁMICA | H22: M2 | I22: =0.6*2 -> 1.2 | J22: 0.12 | K22: =91325.6*1.3 -> 118723.28 | L22: =+ROUND(K22*I22*(1+J22),0) -> 159564
C23: 3.2 | D23: 2.01.43 | E23: GOBERNACIÓN | G23: DESMONTE DE ADOQUÍN PREFABRICADO. (INCLUYE RETIRO Y ACARREO LIBRE HASTA 5 KM.) | H23: M2 | I23: =2*1 -> 2 | J23: 0.12 | K23: =10114.16*1.3 -> 13148.408 | L23: =+ROUND(K23*I23*(1+J23),0) -> 29452
C24: 3.3 | D24: 3.07.05 | E24: GOBERNACIÓN | G24: SUMINISTRO E INSTALACIÓN ADOQUÍN DE ARCILLA VEHICULAR LIVIANO 10 X 6 X 20 CM (NTC 3289) | H24: M2 | I24: =2*2 -> 4 | J24: 0.12 | K24: =91748.04*1.3 -> 119272.45 | L24: =+ROUND(K24*I24*(1+J24),0) -> 534341
C25: 3.4 | D25: 2.12.170 | E25: GOBERNACIÓN | G25: SUMINISTRO E INSTALACIÓN DE VÁLVULA CON FLOTADOR PARA TANQUE ELEVADO 1/2", CON FLOTADOR EN BOLA PLÁSTICA | H25: UND | I25: 1 | J25: 0.12 | K25: =89118.87*1.3 -> 115854.53 | L25: =+ROUND(K25*I25*(1+J25),0) -> 129757
C26: 3.5 | D26: 2.01.07 | E26: GOBERNACIÓN | G26: CORTE ARBOL (INCLUYE DETOCONAMIENTO DE RAICES). H > 3.0 M. (INCLUYE RETIRO Y ACARREO LIBRE HASTA 5 KM.) | H26: UND | I26: 1 | J26: 0.12 | K26: =137857.05*1.3 -> 179214.16 | L26: =+ROUND(K26*I26*(1+J26),0) -> 200720
C27: 3.6 | D27: 6.01.06 | E27: GOBERNACIÓN | G27: DESHINCADO DE POSTE DE 8 M (INCLUYE RETIRO O ENTREGA EN BODEGA) | H27: UND | I27: 1 | J27: 0.12 | K27: =266669.49*1.3 -> 346670.34 | L27: =+ROUND(K27*I27*(1+J27),0) -> 388271
C28: 3.7 | D28: 2.19.12 | E28: GOBERNACIÓN | G28: ASEO DE OBRA DE INFRAESTRUCTURA PARA ENTREGA FINAL (PARQUES, CANCHAS, JUEGOS INFANTILES, OBRAS EXTERIORES, ETC.) | H28: M2 | I28: 250 | J28: 0.12 | K28: =736.46*1.3 -> 957.398 | L28: =+ROUND(K28*I28*(1+J28),0) -> 268071
C29: 3.8 | D29: 3.13.21 | E29: GOBERNACIÓN | G29: SUMINISTRO, TRANSPORTE, FABRICACIÓN, FIGURADA Y/O ROLADO, ENSAMBLAJE Y MONTAJE MANUAL DE ESTRUCTURA METALICA | H29: KG | I29: 74.999771 | J29: 0.12 | K29: =24114.34*1.3 -> 31348.642 | L29: =+ROUND(K29*I29*(1+J29),0) -> 2633278
C30: Subtotal | L30: =+ROUND(SUM(L22:L29),2) -> 4343454
C31: SUBTOTAL OBRAS | L31: =+L16+L20+L30 -> 10179067 | O31: "DIEZ MILLONES CIENTO SETENTA Y NUEVE MIL SETENTA Y SIETE PESOS (10.179.077.00) M/CTE"
G35: SUBTOTAL OBRAS (INCLUYE IVA)
G39: VALOR TOTAL | L39: =+L31 -> 10179067
C42: NOTA 1: Se debe tener en cuenta que el PRECIO UNITARIO incluye el valor de AIU E INCREMENTO DE TRANSPORTE | H42: DESCRIPCION | L42: PORCENTAJE
C43: NOTA 2: Cuando la fracción decimal del peso sea igual o superior a 5 se aproximará por exceso al número entero siguiente del peso y cuando la fracción decimal del peso sea inferior a 5 se aproximará por defecto al número entero del peso. | H43: ADMINISTRACIÓN | K43: A= | L43: 0.24
C44: NOTA 3: El AIU y su discriminación deben estar en porcentaje (%). | H44: IMPREVISTO | K44: I= | L44: 0.02
H45: UTILIDAD | K45: U= | L45: 0.04
H46: TOTAL A.I.U | K46: A.I.U.= | L46: 0.3

Sheet 1.1
B2: MEMORIAS DE CALCULO DE CANTIDADES
D4: MEMORIAS DE CALCULO CANTIDADES | H4: PROYECTO:
H6: OBJETO: | I6: =+INFORMACION!C4 -> “ MANTENIMIENTO Y REPARACIONES A LA INFRAESTRUCTURA DEL JARDIN INFANTIL DEL MUNICIPIO DE OTANCHE BOYACÁ 2026"
B8: ENTIDAD: | D8: ALCALDÍA MUNICIPAL DE OTANCHE - BOYACÁ | H8: CONTRATISTA: | M8: INTERVENTOR: | N8: FECHA:
H9: =+INFORMACION!C8 -> N/A | M9: =+INFORMACION!C9 -> N/A | N9: =+INFORMACION!C10 -> 45833
B10: CAPITULO: | D10: =+'PRESUPUESTO OFICIAL (Entidad)'!C18 -> 2.1 | N10: Hoja Nov. de 1
B11: ITEM DE PAGO: | D11: =+VLOOKUP(B14,'PRESUPUESTO OFICIAL (Entidad)'!C18:K20,2) -> 2.07.10
B13: ITEM | C13: UND | D13: DESCRIPCION | I13: UBICACIÓN | L13: =+INFORMACION!C11 -> EDIFICIO ITELIGENTE Y BIBLIOTECA MUNICIPAL
B14: =+'PRESUPUESTO OFICIAL (Entidad)'!C18 -> 2.1 | C14: =+VLOOKUP(B14,'PRESUPUESTO OFICIAL (Entidad)'!C12:K30,6,FALSE) -> M2 | D14: =+'PRESUPUESTO OFICIAL (Entidad)'!G18 -> SUMINISTRO E INSTALACIÓN DE ESTUCO Y VINILO A TRES MANOS EN MUROS
H15: Localización | I15: Dimensiones | M15: OBSERVACION | N15: Total
I16: No. Elem. | J16: Largo | K16: Ancho | L16: Alto
H17: DEMOLICION 1 | K17: 5 | L17: 3 | N17: =+K17*L17 -> 15
H18: DEMOLICION 2 | K18: 7 | L18: 3 | N18: =+K18*L18 -> 21
H19: DEMOLICION 3 | K19: 6 | L19: 0.9 | N19: =+K19*L19 -> 5.4
H20: DEMOLICION 4 | K20: 12 | L20: 3 | N20: =+K20*L20 -> 36
H21: CANAL | K21: 35 | L21: 0.5 | N21: =+K21*L21 -> 17.5
H22: DEMOLICIÓN | K22: 10 | L22: 1 | N22: =+K22*L22 -> 10
H30: TOTAL PRESENTE ACTA | N30: =+N17+N18+N19+N20+N21+N22 -> 104.9
I31: EJECUTADO ACTA 1 | N31: 0
I32: EJECUTADO ACTA 2 | N32: 0
I33: EJECUTADO PRESENTE ACTA | N33: =+ROUND(N30-N31-N32,2) -> 104.9
B34: Calculó: | F34: =+INFORMACION!C6 -> Vo.Bo. Secretario de Planeación e Infraestructura | K34: =+INFORMACION!C7 -> Vo.Bo. Supervisión
B35: =+INFORMACION!C5 -> 0
B36: Otanche - Boyacá

Sheet 2.1
B2: MEMORIAS DE CALCULO DE CANTIDADES
D4: MEMORIAS DE CALCULO CANTIDADES | H4: PROYECTO:
H6: OBJETO: | I6: =+INFORMACION!C4 -> “ MANTENIMIENTO Y REPARACIONES A LA INFRAESTRUCTURA DEL JARDIN INFANTIL DEL MUNICIPIO DE OTANCHE BOYACÁ 2026"
B8: ENTIDAD: | D8: ALCALDÍA MUNICIPAL DE OTANCHE - BOYACÁ | H8: CONTRATISTA: | M8: INTERVENTOR: | N8: FECHA:
H9: =+INFORMACION!C8 -> N/A | M9: =+INFORMACION!C9 -> N/A | N9: =+INFORMACION!C10 -> 45833
B10: CAPITULO: | D10: =+'PRESUPUESTO OFICIAL (Entidad)'!#REF! -> #REF! | N10: Hoja Nov. de 1
B11: ITEM DE PAGO: | D11: =+VLOOKUP(B14,'PRESUPUESTO OFICIAL (Entidad)'!C18:K20,2) -> #REF!
B13: ITEM | C13: UND | D13: DESCRIPCION | I13: UBICACIÓN | L13: =+INFORMACION!C11 -> EDIFICIO ITELIGENTE Y BIBLIOTECA MUNICIPAL
B14: =+'PRESUPUESTO OFICIAL (Entidad)'!#REF! -> #REF! | C14: =+VLOOKUP(B14,'PRESUPUESTO OFICIAL (Entidad)'!C12:K30,6,FALSE) -> #REF! | D14: =+'PRESUPUESTO OFICIAL (Entidad)'!#REF! -> #REF!
H15: Localización | I15: Dimensiones | M15: OBSERVACION | N15: Total
I16: No. Elem. | J16: Largo | K16: Ancho | L16: Alto
H17: combo sanitario | I17: 1 | N17: =+I17 -> 1
H30: TOTAL PRESENTE ACTA | N30: =ROUND(SUM(N17:N29),2) -> 1
I31: EJECUTADO ACTA 1 | N31: 0
I32: EJECUTADO ACTA 2 | N32: 0
I33: EJECUTADO PRESENTE ACTA | N33: =+ROUND(N30-N31-N32,2) -> 1
B34: Calculó: | F34: =+INFORMACION!C6 -> Vo.Bo. Secretario de Planeación e Infraestructura | K34: =+INFORMACION!C7 -> Vo.Bo. Supervisión
B35: =+INFORMACION!C5 -> 0
B36: Otanche - Boyacá

Sheet 3.1
B2: MEMORIAS DE CALCULO DE CANTIDADES
D4: MEMORIAS DE CALCULO CANTIDADES | H4: PROYECTO:
H6: OBJETO: | I6: =+INFORMACION!C4 -> “ MANTENIMIENTO Y REPARACIONES A LA INFRAESTRUCTURA DEL JARDIN INFANTIL DEL MUNICIPIO DE OTANCHE BOYACÁ 2026"
B8: ENTIDAD: | D8: ALCALDÍA MUNICIPAL DE OTANCHE - BOYACÁ | H8: CONTRATISTA: | M8: INTERVENTOR: | N8: FECHA:
H9: =+INFORMACION!C8 -> N/A | M9: =+INFORMACION!C9 -> N/A | N9: =+INFORMACION!C10 -> 45833
B10: CAPITULO: | D10: =+'PRESUPUESTO OFICIAL (Entidad)'!C21 -> 3. ESTRUCTURA | N10: Hoja Nov. de 1
B11: ITEM DE PAGO: | D11: =+'PRESUPUESTO OFICIAL (Entidad)'!D22 -> 2.05.19
B13: ITEM | C13: UND | D13: DESCRIPCION | I13: UBICACIÓN | L13: =+INFORMACION!C11 -> EDIFICIO ITELIGENTE Y BIBLIOTECA MUNICIPAL
B14: =+'PRESUPUESTO OFICIAL (Entidad)'!C22 -> 3.1 | C14: =+VLOOKUP(B14,'PRESUPUESTO OFICIAL (Entidad)'!C12:K30,6,FALSE) -> M2 | D14: =+'PRESUPUESTO OFICIAL (Entidad)'!G22 -> PISO EN CERÁMICA
H15: Localización | I15: Dimensiones | M15: OBSERVACION | N15: Total
I16: No. Elem. | J16: Largo | K16: Ancho | L16: Alto
H17: PUERTA PARA UNIDADES SANITARIAS | I17: 1 | N17: =+I17 -> 1
H30: TOTAL PRESENTE ACTA | N30: =ROUND(SUM(N17:N29),2) -> 1
I31: EJECUTADO ACTA 1 | N31: 0
I32: EJECUTADO ACTA 2 | N32: 0
I33: EJECUTADO PRESENTE ACTA | N33: =+ROUND(N30-N31-N32,2) -> 1
B34: Calculó: | F34: =+INFORMACION!C6 -> Vo.Bo. Secretario de Planeación e Infraestructura | K34: =+INFORMACION!C7 -> Vo.Bo. Supervisión
B35: =+INFORMACION!C5 -> 0
B36: Otanche - Boyacá

Sheet 3.2
B2: MEMORIAS DE CALCULO DE CANTIDADES
D4: MEMORIAS DE CALCULO CANTIDADES | H4: PROYECTO:
H6: OBJETO: | I6: =+INFORMACION!C4 -> “ MANTENIMIENTO Y REPARACIONES A LA INFRAESTRUCTURA DEL JARDIN INFANTIL DEL MUNICIPIO DE OTANCHE BOYACÁ 2026"
B8: ENTIDAD: | D8: ALCALDÍA MUNICIPAL DE OTANCHE - BOYACÁ | H8: CONTRATISTA: | M8: INTERVENTOR: | N8: FECHA:
H9: =+INFORMACION!C8 -> N/A | M9: =+INFORMACION!C9 -> N/A | N9: =+INFORMACION!C10 -> 45833
B10: CAPITULO: | D10: =+'PRESUPUESTO OFICIAL (Entidad)'!C21 -> 3. ESTRUCTURA | N10: Hoja Nov. de 1
B11: ITEM DE PAGO: | D11: =+'PRESUPUESTO OFICIAL (Entidad)'!D23 -> 2.01.43
B13: ITEM | C13: UND | D13: DESCRIPCION | I13: UBICACIÓN | L13: =+INFORMACION!C11 -> EDIFICIO ITELIGENTE Y BIBLIOTECA MUNICIPAL
B14: =+'PRESUPUESTO OFICIAL (Entidad)'!C23 -> 3.2 | C14: =+VLOOKUP(B14,'PRESUPUESTO OFICIAL (Entidad)'!C12:K30,6,FALSE) -> M2 | D14: =+'PRESUPUESTO OFICIAL (Entidad)'!G23 -> DESMONTE DE ADOQUÍN PREFABRICADO. (INCLUYE RETIRO Y ACARREO LIBRE HASTA 5 KM.)
H15: Localización | I15: Dimensiones | M15: OBSERVACION | N15: Total
I16: No. Elem. | J16: Largo | K16: Ancho | L16: Alto
H17: MARCO DE PUERTAS | I17: 2 | N17: =+I17 -> 2
H30: TOTAL PRESENTE ACTA | N30: =ROUND(SUM(N17:N29),2) -> 2
I31: EJECUTADO ACTA 1 | N31: 0
I32: EJECUTADO ACTA 2 | N32: 0
I33: EJECUTADO PRESENTE ACTA | N33: =+ROUND(N30-N31-N32,2) -> 2
B34: Calculó: | F34: =+INFORMACION!C6 -> Vo.Bo. Secretario de Planeación e Infraestructura | K34: =+INFORMACION!C7 -> Vo.Bo. Supervisión
B35: =+INFORMACION!C5 -> 0
B36: Otanche - Boyacá

Sheet 3.3
B2: MEMORIAS DE CALCULO DE CANTIDADES
D4: MEMORIAS DE CALCULO CANTIDADES | H4: PROYECTO:
H6: OBJETO: | I6: =+INFORMACION!C4 -> “ MANTENIMIENTO Y REPARACIONES A LA INFRAESTRUCTURA DEL JARDIN INFANTIL DEL MUNICIPIO DE OTANCHE BOYACÁ 2026"
B8: ENTIDAD: | D8: ALCALDÍA MUNICIPAL DE OTANCHE - BOYACÁ | H8: CONTRATISTA: | M8: INTERVENTOR: | N8: FECHA:
H9: =+INFORMACION!C8 -> N/A | M9: =+INFORMACION!C9 -> N/A | N9: =+INFORMACION!C10 -> 45833
B10: CAPITULO: | D10: =+'PRESUPUESTO OFICIAL (Entidad)'!C21 -> 3. ESTRUCTURA | N10: Hoja Nov. de 1
B11: ITEM DE PAGO: | D11: =+'PRESUPUESTO OFICIAL (Entidad)'!D24 -> 3.07.05
B13: ITEM | C13: UND | D13: DESCRIPCION | I13: UBICACIÓN | L13: =+INFORMACION!C11 -> EDIFICIO ITELIGENTE Y BIBLIOTECA MUNICIPAL
B14: =+'PRESUPUESTO OFICIAL (Entidad)'!C24 -> 3.3 | C14: =+VLOOKUP(B14,'PRESUPUESTO OFICIAL (Entidad)'!C12:K30,6,FALSE) -> M2 | D14: =+'PRESUPUESTO OFICIAL (Entidad)'!G24 -> SUMINISTRO E INSTALACIÓN ADOQUÍN DE ARCILLA VEHICULAR LIVIANO 10 X 6 X 20 CM (NTC 3289)
H15: Localización | I15: Dimensiones | M15: OBSERVACION | N15: Total
I16: No. Elem. | J16: Largo | K16: Ancho | L16: Alto
H17: VIGA CANAL | J17: 35 | K17: 0.5 | N17: =+J17*K17 -> 17.5
N18: =+K18*L18 -> 0
N19: =+K19*L19 -> 0
N20: =+K20*L20 -> 0
H30: TOTAL PRESENTE ACTA | N30: =ROUND(SUM(N17:N29),2) -> 17.5
I31: EJECUTADO ACTA 1 | N31: 0
I32: EJECUTADO ACTA 2 | N32: 0
I33: EJECUTADO PRESENTE ACTA | N33: =+ROUND(N30-N31-N32,2) -> 17.5
B34: Calculó: | F34: =+INFORMACION!C6 -> Vo.Bo. Secretario de Planeación e Infraestructura | K34: =+INFORMACION!C7 -> Vo.Bo. Supervisión
B35: =+INFORMACION!C5 -> 0
B36: Otanche - Boyacá

Sheet 3.4
B2: MEMORIAS DE CALCULO DE CANTIDADES
D4: MEMORIAS DE CALCULO CANTIDADES | H4: PROYECTO:
H6: OBJETO: | I6: =+INFORMACION!C4 -> “ MANTENIMIENTO Y REPARACIONES A LA INFRAESTRUCTURA DEL JARDIN INFANTIL DEL MUNICIPIO DE OTANCHE BOYACÁ 2026"
B8: ENTIDAD: | D8: ALCALDÍA MUNICIPAL DE OTANCHE - BOYACÁ | H8: CONTRATISTA: | M8: INTERVENTOR: | N8: FECHA:
H9: =+INFORMACION!C8 -> N/A | M9: =+INFORMACION!C9 -> N/A | N9: =+INFORMACION!C10 -> 45833
B10: CAPITULO: | D10: =+'PRESUPUESTO OFICIAL (Entidad)'!C21 -> 3. ESTRUCTURA | N10: Hoja Nov. de 1
B11: ITEM DE PAGO: | D11: =+'PRESUPUESTO OFICIAL (Entidad)'!D25 -> 2.12.170
B13: ITEM | C13: UND | D13: DESCRIPCION | I13: UBICACIÓN | L13: =+INFORMACION!C11 -> EDIFICIO ITELIGENTE Y BIBLIOTECA MUNICIPAL
B14: =+'PRESUPUESTO OFICIAL (Entidad)'!C25 -> 3.4 | C14: =+VLOOKUP(B14,'PRESUPUESTO OFICIAL (Entidad)'!C12:K30,6,FALSE) -> UND | D14: =+'PRESUPUESTO OFICIAL (Entidad)'!G25 -> SUMINISTRO E INSTALACIÓN DE VÁLVULA CON FLOTADOR PARA TANQUE ELEVADO 1/2", CON FLOTADOR EN BOLA PLÁSTICA
H15: Localización | I15: Dimensiones | M15: OBSERVACION | N15: Total
I16: No. Elem. | J16: Largo | K16: Ancho | L16: Alto
H17: CIELO RAZO | J17: 5.2 | K17: 1 | N17: =+J17*K17 -> 5.2
H18: BIBLIOTECA | J18: 2.22 | K18: 1 | N18: =+J18*K18 -> 2.22
H30: TOTAL PRESENTE ACTA | N30: =ROUND(SUM(N17:N29),2) -> 7.42
I31: EJECUTADO ACTA 1 | N31: 0
I32: EJECUTADO ACTA 2 | N32: 0
I33: EJECUTADO PRESENTE ACTA | N33: =+ROUND(N30-N31-N32,2) -> 7.42
B34: Calculó: | F34: =+INFORMACION!C6 -> Vo.Bo. Secretario de Planeación e Infraestructura | K34: =+INFORMACION!C7 -> Vo.Bo. Supervisión
B35: =+INFORMACION!C5 -> 0
B36: Otanche - Boyacá

Sheet 3.5
B2: MEMORIAS DE CALCULO DE CANTIDADES
D4: MEMORIAS DE CALCULO CANTIDADES | H4: PROYECTO:
H6: OBJETO: | I6: =+INFORMACION!C4 -> “ MANTENIMIENTO Y REPARACIONES A LA INFRAESTRUCTURA DEL JARDIN INFANTIL DEL MUNICIPIO DE OTANCHE BOYACÁ 2026"
B8: ENTIDAD: | D8: ALCALDÍA MUNICIPAL DE OTANCHE - BOYACÁ | H8: CONTRATISTA: | M8: INTERVENTOR: | N8: FECHA:
H9: =+INFORMACION!C8 -> N/A | M9: =+INFORMACION!C9 -> N/A | N9: =+INFORMACION!C10 -> 45833
B10: CAPITULO: | D10: =+'PRESUPUESTO OFICIAL (Entidad)'!#REF! -> #REF! | N10: Hoja Nov. de 1
B11: ITEM DE PAGO: | D11: =+VLOOKUP(B14,'PRESUPUESTO OFICIAL (Entidad)'!C18:K20,2) -> #REF!
B13: ITEM | C13: UND | D13: DESCRIPCION | I13: UBICACIÓN | L13: =+INFORMACION!C11 -> EDIFICIO ITELIGENTE Y BIBLIOTECA MUNICIPAL
B14: =+'PRESUPUESTO OFICIAL (Entidad)'!#REF! -> #REF! | C14: =+VLOOKUP(B14,'PRESUPUESTO OFICIAL (Entidad)'!C12:K30,6,FALSE) -> #REF! | D14: =+'PRESUPUESTO OFICIAL (Entidad)'!#REF! -> #REF!
H15: Localización | I15: Dimensiones | M15: OBSERVACION | N15: Total
I16: No. Elem. | J16: Largo | K16: Ancho | L16: Alto
H17: FLANCHE | J17: 3 | N17: =+J17 -> 3
H30: TOTAL PRESENTE ACTA | N30: =ROUND(SUM(N17:N29),2) -> 3
I31: EJECUTADO ACTA 1 | N31: 0
I32: EJECUTADO ACTA 2 | N32: 0
I33: EJECUTADO PRESENTE ACTA | N33: =+ROUND(N30-N31-N32,2) -> 3
B34: Calculó: | F34: =+INFORMACION!C6 -> Vo.Bo. Secretario de Planeación e Infraestructura | K34: =+INFORMACION!C7 -> Vo.Bo. Supervisión
B35: =+INFORMACION!C5 -> 0
B36: Otanche - Boyacá

Sheet 3.6
B2: MEMORIAS DE CALCULO DE CANTIDADES
D4: MEMORIAS DE CALCULO CANTIDADES | H4: PROYECTO:
H6: OBJETO: | I6: =+INFORMACION!C4 -> “ MANTENIMIENTO Y REPARACIONES A LA INFRAESTRUCTURA DEL JARDIN INFANTIL DEL MUNICIPIO DE OTANCHE BOYACÁ 2026"
B8: ENTIDAD: | D8: ALCALDÍA MUNICIPAL DE OTANCHE - BOYACÁ | H8: CONTRATISTA: | M8: INTERVENTOR: | N8: FECHA:
H9: =+INFORMACION!C8 -> N/A | M9: =+INFORMACION!C9 -> N/A | N9: =+INFORMACION!C10 -> 45833
B10: CAPITULO: | D10: =+'PRESUPUESTO OFICIAL (Entidad)'!#REF! -> #REF! | N10: Hoja Nov. de 1
B11: ITEM DE PAGO: | D11: =+VLOOKUP(B14,'PRESUPUESTO OFICIAL (Entidad)'!C18:K20,2) -> #REF!
B13: ITEM | C13: UND | D13: DESCRIPCION | I13: UBICACIÓN | L13: =+INFORMACION!C11 -> EDIFICIO ITELIGENTE Y BIBLIOTECA MUNICIPAL
B14: =+'PRESUPUESTO OFICIAL (Entidad)'!#REF! -> #REF! | C14: =+VLOOKUP(B14,'PRESUPUESTO OFICIAL (Entidad)'!C12:K30,6,FALSE) -> #REF! | D14: =+'PRESUPUESTO OFICIAL (Entidad)'!#REF! -> #REF!
H15: Localización | I15: Dimensiones | M15: OBSERVACION | N15: Total
I16: No. Elem. | J16: Largo | K16: Ancho | L16: Alto
H17: VIGA CANAL | J17: 35 | K17: 0.5 | L17: 0.05 | N17: =+J17*L17 -> 1.75
H30: TOTAL PRESENTE ACTA | N30: =ROUND(SUM(N17:N29),2) -> 1.75
I31: EJECUTADO ACTA 1 | N31: 0
I32: EJECUTADO ACTA 2 | N32: 0
I33: EJECUTADO PRESENTE ACTA | N33: =+ROUND(N30-N31-N32,2) -> 1.75
B34: Calculó: | F34: =+INFORMACION!C6 -> Vo.Bo. Secretario de Planeación e Infraestructura | K34: =+INFORMACION!C7 -> Vo.Bo. Supervisión
B35: =+INFORMACION!C5 -> 0
B36: Otanche - Boyacá

Sheet 3.7
B2: MEMORIAS DE CALCULO DE CANTIDADES
D4: MEMORIAS DE CALCULO CANTIDADES | H4: PROYECTO:
H6: OBJETO: | I6: =+INFORMACION!C4 -> “ MANTENIMIENTO Y REPARACIONES A LA INFRAESTRUCTURA DEL JARDIN INFANTIL DEL MUNICIPIO DE OTANCHE BOYACÁ 2026"
B8: ENTIDAD: | D8: ALCALDÍA MUNICIPAL DE OTANCHE - BOYACÁ | H8: CONTRATISTA: | M8: INTERVENTOR: | N8: FECHA:
H9: =+INFORMACION!C8 -> N/A | M9: =+INFORMACION!C9 -> N/A | N9: =+INFORMACION!C10 -> 45833
B10: CAPITULO: | D10: =+'PRESUPUESTO OFICIAL (Entidad)'!#REF! -> #REF! | N10: Hoja Nov. de 1
B11: ITEM DE PAGO: | D11: =+VLOOKUP(B14,'PRESUPUESTO OFICIAL (Entidad)'!C18:K20,2) -> #REF!
B13: ITEM | C13: UND | D13: DESCRIPCION | I13: UBICACIÓN | L13: =+INFORMACION!C11 -> EDIFICIO ITELIGENTE Y BIBLIOTECA MUNICIPAL
B14: =+'PRESUPUESTO OFICIAL (Entidad)'!#REF! -> #REF! | C14: =+VLOOKUP(B14,'PRESUPUESTO OFICIAL (Entidad)'!C12:K30,6,FALSE) -> #REF! | D14: =+'PRESUPUESTO OFICIAL (Entidad)'!#REF! -> #REF!
H15: Localización | I15: Dimensiones | M15: OBSERVACION | N15: Total
I16: No. Elem. | J16: Largo | K16: Ancho | L16: Alto
H17: VENTANA | J17: 1.3 | L17: 0.95 | N17: =+J17*L17 -> 1.235
H30: TOTAL PRESENTE ACTA | N30: =ROUND(SUM(N17:N29),2) -> 1.24
I31: EJECUTADO ACTA 1 | N31: 0
I32: EJECUTADO ACTA 2 | N32: 0
I33: EJECUTADO PRESENTE ACTA | N33: =+ROUND(N30-N31-N32,2) -> 1.24
B34: Calculó: | F34: =+INFORMACION!C6 -> Vo.Bo. Secretario de Planeación e Infraestructura | K34: =+INFORMACION!C7 -> Vo.Bo. Supervisión
B35: =+INFORMACION!C5 -> 0
B36: Otanche - Boyacá

Sheet 3.8
B2: MEMORIAS DE CALCULO DE CANTIDADES
D4: MEMORIAS DE CALCULO CANTIDADES | H4: PROYECTO:
H6: OBJETO: | I6: =+INFORMACION!C4 -> “ MANTENIMIENTO Y REPARACIONES A LA INFRAESTRUCTURA DEL JARDIN INFANTIL DEL MUNICIPIO DE OTANCHE BOYACÁ 2026"
B8: ENTIDAD: | D8: ALCALDÍA MUNICIPAL DE OTANCHE - BOYACÁ | H8: CONTRATISTA: | M8: INTERVENTOR: | N8: FECHA:
H9: =+INFORMACION!C8 -> N/A | M9: =+INFORMACION!C9 -> N/A | N9: =+INFORMACION!C10 -> 45833
B10: CAPITULO: | D10: =+'PRESUPUESTO OFICIAL (Entidad)'!#REF! -> #REF! | N10: Hoja Nov. de 1
B11: ITEM DE PAGO: | D11: =+VLOOKUP(B14,'PRESUPUESTO OFICIAL (Entidad)'!C18:K20,2) -> #REF!
B13: ITEM | C13: UND | D13: DESCRIPCION | I13: UBICACIÓN | L13: =+INFORMACION!C11 -> EDIFICIO ITELIGENTE Y BIBLIOTECA MUNICIPAL
B14: =+'PRESUPUESTO OFICIAL (Entidad)'!#REF! -> #REF! | C14: =+VLOOKUP(B14,'PRESUPUESTO OFICIAL (Entidad)'!C12:K30,6,FALSE) -> #REF! | D14: =+'PRESUPUESTO OFICIAL (Entidad)'!#REF! -> #REF!
H15: Localización | I15: Dimensiones | M15: OBSERVACION | N15: Total
I16: No. Elem. | J16: Largo | K16: Ancho | L16: Alto
H17: VENTANA | J17: 1.9 | L17: 0.17 | N17: =+J17*L17 -> 0.323
H30: TOTAL PRESENTE ACTA | N30: =ROUND(SUM(N17:N29),2) -> 0.32
I31: EJECUTADO ACTA 1 | N31: 0
I32: EJECUTADO ACTA 2 | N32: 0
I33: EJECUTADO PRESENTE ACTA | N33: =+ROUND(N30-N31-N32,2) -> 0.32
B34: Calculó: | F34: =+INFORMACION!C6 -> Vo.Bo. Secretario de Planeación e Infraestructura | K34: =+INFORMACION!C7 -> Vo.Bo. Supervisión
B35: =+INFORMACION!C5 -> 0
B36: Otanche - Boyacá

Sheet 4.1
B2: MEMORIAS DE CALCULO DE CANTIDADES
D4: MEMORIAS DE CALCULO CANTIDADES | H4: PROYECTO:
H6: OBJETO: | I6: =+INFORMACION!C4 -> “ MANTENIMIENTO Y REPARACIONES A LA INFRAESTRUCTURA DEL JARDIN INFANTIL DEL MUNICIPIO DE OTANCHE BOYACÁ 2026"
B8: ENTIDAD: | D8: ALCALDÍA MUNICIPAL DE OTANCHE - BOYACÁ | H8: CONTRATISTA: | M8: INTERVENTOR: | N8: FECHA:
H9: =+INFORMACION!C8 -> N/A | M9: =+INFORMACION!C9 -> N/A | N9: =+INFORMACION!C10 -> 45833
B10: CAPITULO: | D10: =+'PRESUPUESTO OFICIAL (Entidad)'!#REF! -> #REF! | N10: Hoja Nov. de 1
B11: ITEM DE PAGO: | D11: =+'PRESUPUESTO OFICIAL (Entidad)'!#REF! -> #REF!
B13: ITEM | C13: UND | D13: DESCRIPCION | I13: UBICACIÓN | L13: =+INFORMACION!C11 -> EDIFICIO ITELIGENTE Y BIBLIOTECA MUNICIPAL
B14: =+'PRESUPUESTO OFICIAL (Entidad)'!#REF! -> #REF! | C14: =+VLOOKUP(B14,'PRESUPUESTO OFICIAL (Entidad)'!C12:K30,6,FALSE) -> #REF! | D14: =+'PRESUPUESTO OFICIAL (Entidad)'!#REF! -> #REF!
H15: Localización | I15: Dimensiones | M15: OBSERVACION | N15: Total
I16: No. Elem. | J16: Largo | K16: Ancho | L16: Alto
H17: MUROS 1 | K17: 5 | L17: 3 | N17: =+K17*L17 -> 15
H18: MUROS 2 | K18: 7 | L18: 3 | N18: =+K18*L18 -> 21
H19: MUROS 3 | K19: 6 | L19: 0.9 | N19: =+K19*L19 -> 5.4
H20: MUROS 4 | K20: 12 | L20: 3 | N20: =+K20*L20 -> 36
H21: PLACA | I21: 1 | J21: 5.1 | K21: 4.2 | N21: =+I21*J21*K21 -> 21.42
H22: DEMOLICIÓN | K22: 10 | L22: 1 | N22: =+K22*L22 -> 10
H30: TOTAL PRESENTE ACTA | N30: =ROUND(SUM(N17:N29),2) -> 108.82
I31: EJECUTADO ACTA 1 | N31: 0
I32: EJECUTADO ACTA 2 | N32: 0
I33: EJECUTADO PRESENTE ACTA | N33: =+ROUND(N30-N31-N32,2) -> 108.82
B34: Calculó: | F34: =+INFORMACION!C6 -> Vo.Bo. Secretario de Planeación e Infraestructura | K34: =+INFORMACION!C7 -> Vo.Bo. Supervisión
B35: =+INFORMACION!C5 -> 0
B36: Otanche - Boyacá
